 Dungeon Crawl Stone Soup version 0.26.1-2-gb8aa6d0cf2 (webtiles) character file.

Game seed: 10378337603803721160

17114 windgrace the Thaumaturge (level 12, -2/92 HPs)
             Began as a Demonspawn Ice Elementalist on Feb 13, 2021.
             Was a High Priest of Vehumet.
             Slain by a demonic crawler (5 damage)
             ... on level 1 of the Spider Nest.
             The game lasted 01:35:39 (15460 turns).

windgrace the Thaumaturge (DsIE)                   Turns: 15460, Time: 01:35:39

Health: -2/92      AC: 13    Str: 10    XL:     12   Next: 16%
Magic:  12/33      EV: 16    Int: 29    God:    Vehumet [*****.]
Gold:   411        SH:  0    Dex: 31    Spells: 2/27 levels left

rFire    x . .     SeeInvis .   W - +6 quarterstaff "Widowermaker" {freeze, MP+9 Int+2 Dex+2}
rCold    . . .     Faith    .   (shield currently unavailable)
rNeg     + + .     Spirit   .   U - +2 leather armour of Benevolence {rF- Regen+ rCorr Dex+8}
rPois    .         Reflect  .   (no helmet)
rElec    .         Harm     .   z - +0 cloak {Stlth+}
rCorr    +         Rampage  .   (no gloves)
Will     .....     NoTele   +   E - +3 pair of boots "Ytottaybb" {-Tele rN++ Dex+8}
Stlth    ++++......             (no amulet)
HPRegen  0.65/turn              q - +6 ring of intelligence
MPRegen  0.23/turn              (no ring)

@: no status effects
A: claws 2, icy blue scales 1, powered by death 1, spiny 2
a: Renounce Religion


You were on level 1 of the Spider Nest.
You worshipped Vehumet.
Vehumet was extremely pleased with you.
You visited 4 branches of the dungeon, and saw 15 of its levels.
You also visited: Ice Cave.

You collected 774 gold pieces.
You spent 363 gold pieces at shops.

Inventory:

Hand Weapons
 f - a +0 dagger
 j - a +2 flail of protection
 y - the +6 dagger of Xebuluocu {vorpal, *Corrode rPois Dex+5}
   (You found it on level 4 of the Dungeon)

   It inflicts extra damage upon your enemies.
   It affects your dexterity (+5).
   It protects you from poison.
   It may corrode you when you take damage.
 H - the cursed +3 dagger of Virtue {pain, rF+}
   (You found it on level 7 of the Dungeon)

   In the hands of one skilled in necromantic magic, it inflicts extra damage on
   living creatures.
   It protects you from fire.
   It has a curse placed upon it.
 M - a +1 hunting sling of freezing
 W - the +6 quarterstaff "Widowermaker" (weapon) {freeze, MP+9 Int+2 Dex+2}
   (You found it on level 11 of the Dungeon)

   It has been specially enchanted to freeze those struck by it, causing extra
   injury to most foes and up to half again as much damage against particularly
   susceptible opponents.
   It can also slow down cold-blooded creatures.
   It affects your intelligence (+2).
   It affects your dexterity (+2).
   It affects your magic capacity (+9).
Missiles
 e - 93 sling bullets
 i - 14 javelins (quivered)
 w - 12 poisoned darts
 O - 4 atropa-tipped darts
Armour
 a - a +0 robe
 k - a +0 scale mail
 z - a +0 cloak of stealth (worn)
 D - a +2 ring mail of fire resistance
 E - the +3 pair of boots "Ytottaybb" (worn) {-Tele rN++ Dex+8}
   (You bought it in a shop on level 6 of the Dungeon)

   It affects your dexterity (+8).
   It greatly protects you from negative energy.
   It prevents most forms of teleportation.
 R - a +0 buckler
 S - a +0 pair of boots
 U - the +2 leather armour of Benevolence (worn) {rF- Regen+ rCorr Dex+8}
   (You took it off an orc on level 10 of the Dungeon)

   It affects your dexterity (+8).
   It makes you vulnerable to fire.
   It increases your rate of regeneration.
   It provides partial protection from all sources of acid and corrosion.
Magical Staves
 Q - an uncursed staff of air
Jewellery
 q - a +6 ring of intelligence (left claw)
 Z - an uncursed amulet of faith {unknown}
Wands
 m - a wand of iceblast (10)
 I - a wand of flame (16)
 K - a wand of polymorph (24)
 L - a wand of enslavement (7)
 T - a wand of digging (8)
Scrolls
 c - 5 scrolls of teleportation
 d - 7 scrolls of remove curse {unknown}
 h - 15 scrolls of identify
 s - 3 scrolls of fog {unknown}
 t - 3 scrolls of magic mapping {unknown}
 u - 3 scrolls of amnesia {unknown}
 v - a scroll of random uselessness {unknown}
 x - 2 scrolls of enchant armour {unknown}
 A - a scroll of enchant weapon {unknown}
 C - a scroll of vulnerability {unknown}
 F - a scroll of immolation {unknown}
 G - 2 scrolls of fear
 P - 2 scrolls of blinking {unknown}
 V - a scroll of noise {unknown}
Potions
 b - 3 potions of attraction
 g - a potion of berserk rage
 l - 5 potions of degeneration {unknown}
 n - 2 potions of heal wounds {unknown}
 o - 4 potions of curing
 p - 3 potions of magic
 r - 3 potions of haste
 B - a potion of flight {unknown}
 J - 2 potions of might {unknown}
 N - 3 potions of invisibility {unknown}
 X - a potion of brilliance {unknown}
Miscellaneous
 Y - a lightning rod (4/4)


   Skills:
 - Level 8.0 Fighting
 - Level 5.9 Short Blades
 - Level 6.0 Staves
 - Level 7.0 Armour
 + Level 4.5 Dodging
 - Level 5.0 Stealth
 - Level 4.0 Shields
 - Level 8.0 Spellcasting
 - Level 6.0 Conjurations
 - Level 4.0 Ice Magic
 - Level 4.0 Air Magic


You had 2 spell levels left.
You knew the following spells:

 Your Spells              Type           Power        Failure   Level
a - Freeze                Ice            100%         1%          1
b - Frozen Ramparts       Ice            68%          1%          3
c - Ozocubu's Armour      Ice            34%          3%          3
d - Hailstorm             Conj/Ice       40%          2%          4
e - Foxfire               Conj/Fire      100%         1%          1
f - Shock                 Conj/Air       100%         1%          1
g - Mephitic Cloud        Conj/Pois/Air  30%          1%          3
h - Airstrike             Air            17%          3%          4
i - Lightning Bolt        Conj/Air       20%          5%          5

Your spell library contained the following spells:

 Spells                   Type           Power        Failure   Level
 Ensorcelled Hibernation  Hex/Ice        46%          3%          2
 Corona                   Hex            12%          6%          1
 Dazzling Flash           Conj/Hex       58%          1%          3
 Confusing Touch          Hex            11%          17%         3
 Gell's Gravitas          Tloc           5%           17%         3
 Tukima's Dance           Hex            11%          17%         3
 Summon Ice Beast         Ice/Summ       23%          26%         4
 Yara's Violent Unravell  Hex/Tmut       5%           36%         5
 Petrify                  Tmut/Erth      11%          50%         4
 Metabolic Englaciation   Hex/Ice        11%          56%         5


Dungeon Overview and Level Annotations

Branches:
Dungeon (11/15)            Temple (1/1) D:5            Lair (2/6) D:11
 Spider (1/4) Lair:2        IceCv (visited)
  Swamp: Lair:2-4    Shoals: Lair:2-4       Orc: D:9-12

Altars:
Ashenzari
Cheibriados
Dithmenos
Elyvilon
Fedhas
Gozag
Hepliaklqana
Kikubaaqudgha
Makhleb
Nemelex Xobeh
Okawaru
Qazlal
Ru
Sif Muna
Trog
Uskayaw
Vehumet
Wu Jian
Xom
Yredelemnul
Zin
The Shining One

Shops:
D:5 (   D:6 :[   D:7 ?!}}*   D:10 !

Annotations:
D:5 exclusion: oklob plant


Innate Abilities, Weirdness & Mutations

You have very sharp fingernails.
You are partially covered in icy blue scales. (AC +2)
You regenerate a little health from kills.
You are mostly covered in sharp spines.


Message History

The demonic crawler is struck by your spines.
The demonic crawler misses you.
The demonic crawler completely misses you.
The demonic crawler hits you.
* * * LOW HITPOINT WARNING * * *
The demonic crawler resists.
The wall freezes the demonic crawler.
The demonic crawler is struck by your spines.
The demonic crawler hits you but does no damage.
The demonic crawler hits you!
* * * LOW HITPOINT WARNING * * *
The demonic crawler hits you but does no damage.
The wall freezes the redback.
Unknown command.
Your icy armour and frozen ramparts will break if you move.
Continue?
Your icy armour cracks and falls away as you move.
The frozen ramparts melt away as you move.
The demonic crawler completely misses you.
The demonic crawler hits you but does no damage.
The demonic crawler hits you.
You die...

s... .....( #(..
...... #... ..... #
#..# ...
s.#.##..##.# .
.........†.##.#
........?†....##
..####....!.....
##@.ss.^.......
####.#s##.##.###..
#.##.#.#.#..###.##.$
# ...#..#..^..# ##
### ##...##..#..####
.........^.....##
...............#
##............#
##......#....###


You could see 2 demonic crawlers and a redback.

Vanquished Creatures
  A two-headed ogre (D:8)
  Erica (D:10)
  A centaur warrior (D:10)
  A sixfirhy (D:10)
  An ugly thing (D:11)
  2 wolf spiders (Spider:1)
  A moth of wrath (D:4)
  A cyclops (D:11)
  A black mamba (Lair:1)
  A gargoyle (D:9)
  4 cane toads (Lair:1)
  A rime drake (Lair:1)
  2 kobold demonologists (D:8)
  2 komodo dragons (Lair:1)
  A demonic crawler (Spider:1)
  2 jumping spiders (Spider:1)
  A hornet (Spider:1)
  A polar bear (Lair:1)
  3 tarantellas (Spider:1)
  12 redbacks (Spider:1)
  Eustachio (D:6)
  A fire elemental (Lair:2)
  4 water moccasins (Lair:1)
  A phantom (D:10)
  7 ice beasts
  2 black bears
  3 orc warriors
  5 ogres
  3 sky beasts
  3 centaurs
  A big kobold (D:10)
  7 bullfrogs
  A gnoll sergeant (D:6)
  A wyvern zombie (D:9)
  5 scorpions
  9 killer bees
  8 wights
  2 electric eels
  4 howler monkeys
  2 bullfrog zombies
  A quasit (D:6)
  A crimson imp (D:8)
  7 hounds
  3 jellies
  2 centaur skeletons
  3 centaur zombies
  6 orc priests
  A bullfrog skeleton (D:8)
  3 iguanas
  Terence (D:2)
  5 orc wizards
  6 worker ants
  A killer bee zombie (D:6)
  A hound zombie (D:6)
  A hound skeleton (D:7)
  Robin (D:4)
  16 gnolls
  15 adders
  5 shadow imps
  15 white imps
  2 ufetubi (D:6)
  An ooze (D:2)
  3 adder zombies
  An adder skeleton (D:4)
  7 worms
  4 dart slugs
  8 leopard geckos
  44 orcs
  5 bats
  8 giant cockroaches
  10 goblins
  10 hobgoblins
  7 jackals
  4 quokkas
  3 ball pythons
  A ball python zombie (D:5)
  6 frilled lizards
  A jackal skeleton (D:4)
  16 kobolds
  A leopard gecko skeleton (D:6)
  4 rats
  A fire vortex (Lair:2)
351 creatures vanquished.

Vanquished Creatures (others)
  32 foxfires
  15 fungi
  23 plants
70 creatures vanquished.

Grand Total: 421 creatures vanquished

Notes
Turn   | Place    | Note
-------+----------+-------------------------------------------
     0 | D:1      | windgrace the Demonspawn Ice Elementalist began the quest
                  | for the Orb.
     0 | D:1      | Reached XP level 1. HP: 13/13 MP: 3/3
   223 | D:1      | Gained mutation: You are partially covered in sharp spines.
                  | [demonic ancestry]
   223 | D:1      | Reached XP level 2. HP: 20/20 MP: 3/5
   346 | D:1      | Reached skill level 1 in Fighting
   832 | D:1      | Reached XP level 3. HP: 26/26 MP: 6/6
   842 | D:1      | Learned a level 3 spell: Frozen Ramparts
   846 | D:1      | Learned a level 3 spell: Ozocubu's Armour
  1229 | D:2      | Found a sparkling altar of Nemelex Xobeh.
  1284 | D:2      | Noticed Terence
  1298 | D:2      | Killed Terence
  1310 | D:1      | Reached XP level 4. HP: 7/33 MP: 1/8
  1908 | D:2      | Reached XP level 5. HP: 28/40 MP: 6/10
  3018 | D:3      | Learned a level 4 spell: Hailstorm
  3555 | D:4      | Noticed Robin
  3559 | D:4      | Killed Robin
  3560 | D:4      | Reached skill level 1 in Conjurations
  3613 | D:4      | Gained mutation: You are mostly covered in sharp spines.
                  | [demonic ancestry]
  3613 | D:4      | Reached XP level 6. HP: 39/47 MP: 4/12
  4214 | D:4      | Reached XP level 7. HP: 23/54 MP: 9/13
  4840 | D:4      | Noticed a moth of wrath
  4843 | D:4      | Found a bloodstained altar of Trog.
  5057 | D:4      | Got a masterwork dagger
  5058 | D:4      | Identified the +6 dagger of Xebuluocu {vorpal, *Corrode
                  | rPois Dex+5} (You found it on level 4 of the Dungeon)
  5170 | D:4      | Killed a moth of wrath
  5331 | D:5      | Entered Level 5 of the Dungeon
  5366 | D:5      | Found a staircase to the Ecumenical Temple.
  5376 | D:5      | Gained mutation: You regenerate a little health from kills.
                  | [demonic ancestry]
  5376 | D:5      | Reached XP level 8. HP: 56/60 MP: 10/14
  5413 | Temple   | Entered the Ecumenical Temple
  5599 | Temple   | Became a worshipper of Vehumet
  5934 | D:5      | Found a glowing golden altar of the Shining One.
  5990 | D:5      | Found a blossoming altar of Fedhas.
  6002 | D:5      | Noticed an oklob plant
  6485 | D:5      | Found Semuliyd's Weapon Shop.
  6789 | D:5      | Reached skill level 5 in Conjurations
  7013 | D:5      | Found an opulent altar of Gozag.
  7266 | D:6      | Reached * piety under Vehumet
  7266 | D:6      | Offered knowledge of Foxfire by Vehumet.
  7269 | D:6      | Learned a level 1 spell: Foxfire
  7517 | D:6      | Found a snail-covered altar of Cheibriados.
  7538 | D:6      | Found Feppedd's Book Shoppe.
  7585 | D:6      | Found a hazy altar of Hepliaklqana.
  7646 | D:6      | Reached skill level 5 in Spellcasting
  8053 | D:6      | Offered knowledge of Shock by Vehumet.
  8056 | D:6      | Learned a level 1 spell: Shock
  8156 | D:6      | Found Rapticej's Antique Armour Emporium.
  8158 | D:6      | Noticed Eustachio
  8163 | D:6      | Killed Eustachio
  8188 | D:6      | Bought a glowing ring mail for 154 gold pieces
  8188 | D:6      | Bought a pair of polished boots for 209 gold pieces
  8193 | D:6      | Identified the +3 pair of boots "Ytottaybb" {-Tele rN++
                  | Dex+8} (You bought it in a shop on level 6 of the Dungeon)
  8455 | D:6      | Reached ** piety under Vehumet
  8502 | D:6      | Found a hide-covered altar of Uskayaw.
  8509 | D:6      | Found a burning altar of Makhleb.
  8569 | D:6      | Reached skill level 1 in Air Magic
  8569 | D:6      | Gained mutation: You are partially covered in icy blue
                  | scales. (AC +2) [demonic ancestry]
  8569 | D:6      | Reached XP level 9. HP: 65/65 MP: 14/18
  8670 | D:7      | Reached skill level 1 in Armour
  8802 | D:7      | Found a shadowy altar of Dithmenos.
  8808 | D:7      | Got a shimmering dagger
  8809 | D:7      | Identified the cursed +3 dagger of Virtue {pain, rF+} (You
                  | found it on level 7 of the Dungeon)
  8907 | D:7      | Found Ytefup's General Store.
  8909 | D:7      | Found Duwizure's Gadget Shoppe.
  8909 | D:7      | Found Naahuosi's Distillery.
  8909 | D:7      | Found Serem's Gadget Shoppe.
  9063 | D:7      | Found Caoch's Magic Scroll Shoppe.
  9138 | D:7      | Offered knowledge of Mephitic Cloud by Vehumet.
  9165 | D:7      | Learned a level 3 spell: Mephitic Cloud
  9687 | D:8      | Reached *** piety under Vehumet
  9787 | D:8      | Reached skill level 5 in Armour
 10049 | D:8      | Found a transporter.
 10056 | D:8      | Noticed a kobold demonologist
 10056 | D:8      | Noticed a kobold demonologist
 10155 | D:8      | Found a hazy altar of Hepliaklqana.
 10192 | D:8      | Found a transporter.
 10235 | D:8      | Noticed a smoke demon
 10236 | D:8      | Noticed a hellwing
 10240 | D:8      | Killed a kobold demonologist
 10241 | D:8      | Gained mutation: You have sharp fingernails. [demonic
                  | ancestry]
 10241 | D:8      | Reached XP level 10. HP: 48/71 MP: 11/19
 10254 | D:8      | Offered knowledge of Conjure Flame by Vehumet.
 10409 | D:8      | Noticed a two-headed ogre
 10419 | D:8      | Killed a two-headed ogre
 10666 | D:8      | Reached skill level 5 in Fighting
 10760 | D:8      | Found a broken altar of Ashenzari.
 10787 | D:8      | Reached skill level 5 in Short Blades
 11407 | D:9      | Noticed a gargoyle
 11422 | D:9      | Killed a gargoyle
 11821 | D:9      | Reached **** piety under Vehumet
 12404 | D:10     | Entered Level 10 of the Dungeon
 12412 | D:10     | Reached skill level 1 in Shields
 12718 | D:10     | Identified the +2 leather armour of Benevolence {rF- Regen+
                  | rCorr Dex+8}
 12743 | D:10     | Offered knowledge of Airstrike by Vehumet.
 12749 | D:10     | Learned a level 4 spell: Airstrike
 12803 | D:10     | Found Wim Woucs's Distillery.
 12804 | D:10     | Noticed a sixfirhy
 12805 | D:10     | Found a runed translucent door.
 12832 | D:10     | Killed a sixfirhy
 12984 | D:10     | Noticed a centaur warrior
 12994 | D:10     | Killed a centaur warrior
 12995 | D:10     | Reached XP level 11. HP: 81/81 MP: 11/21
 13246 | D:10     | Noticed Erica
 13263 | D:10     | Killed Erica
 13859 | D:11     | Noticed a green ugly thing
 13871 | D:11     | Killed a green ugly thing
 13874 | D:11     | Got a faintly glowing quarterstaff
 13875 | D:11     | Identified the +6 quarterstaff "Widowermaker" {freeze, MP+9
                  | Int+2 Dex+2} (You found it on level 11 of the Dungeon)
 14091 | D:11     | Found a staircase to the Lair.
 14109 | Lair:1   | Entered Level 1 of the Lair of Beasts
 14109 | Lair:1   | Found a frozen archway.
 14158 | IceCv    | Entered an ice cave
 14158 | IceCv    | Noticed a white ugly thing
 14168 | Lair:1   | Reached skill level 1 in Staves
 14894 | Lair:1   | Reached skill level 5 in Stealth
 15342 | Lair:2   | Found a hole to the Spider Nest.
 15356 | Spider:1 | Entered Level 1 of the Spider Nest
 15360 | Spider:1 | Reached skill level 5 in Staves
 15384 | Spider:1 | Noticed a wolf spider
 15394 | Spider:1 | Killed a wolf spider
 15394 | Spider:1 | Reached ***** piety under Vehumet
 15394 | Spider:1 | Offered knowledge of Lightning Bolt by Vehumet.
 15402 | Spider:1 | Learned a level 5 spell: Lightning Bolt
 15422 | Spider:1 | Gained mutation: You have very sharp fingernails. [demonic
                  | ancestry]
 15422 | Spider:1 | Reached XP level 12. HP: 35/91 MP: 24/24
 15459 | Spider:1 | HP: 2/92 [demonic crawler (8)]
 15460 | Spider:1 | Slain by a demonic crawler

Illustrated notes

Levels and vault maps discovered:
D:1:      wheals_arrival_linesprint, layout_basic, serial_bayou_crossing
D:2:      minmay_wonky_spiral, layout_rooms, hangedman_decor_growths,
          nemelex_xobeh_ov_fountains_minmay, uniq_terence
D:3:      layout_loops_ring
D:4:      layout_loops_ring, chequers_serial_rivers_large_a,
          nrook_loot_triangle, tgw_trog, uniq_robin
D:5:      layout_basic, nicolae_overflow_hidden_temple, tgw_fedhas,
          marbit_many_paths, minmay_temple_entry_waves, serial_shops, shop
D:6:      layout_loops_ring, kennysheep_slug_shrine,
          amethyst_overflow_temple_binary, serial_shops, shop, shop,
          basic_altar, grunt_ministairs_1, uniq_eustachio
D:7:      layout_rooms, overflow_temple_1_default, serial_shops,
          nicolae_shop_waterfront, hangedman_abyss_or_decor_stagger,
          minmay_shop_grid_forest, amcnicky_mini_pool_small
D:8:      gammafunk_wand_slinger, layout_loops_corners,
          nzn_hepliaklqana_mist_gate, nicolae_ashenzari_panopticon,
          hangedman_decor_diamond_cutter, minmay_fire_ice_demons
D:9:      layout_irregular_city, grunt_decor_clamped, minmay_splitting_lines
D:10:     cheibrodos_shockbox, layout_stronghold, serial_shops, shop, uniq_erica
D:11:     layout_roguey, lair_entry_dummy, minmay_protected_statue, uniq_psyche
Temple:   minmay_temple_bridge_abc
Lair:1:   layout_loops_ring, portal_ice_cave_entry_imps,
          gammafunk_lair_bear_cave
Lair:2:   layout_gridlike, spider_nest_entry_web_field, roderic_batcave
Spider:1: layout_spider_delve, hangedman_spider_tarantella_strand, uniq_azrael

Skill      XL: |  1  2  3  4  5  6  7  8  9 10 11 12 |
---------------+-------------------------------------+-----
Fighting       | 1 2 3 4 6 7 8 |  8.0
Ice Magic      | 4 |  4.0
Spellcasting   | 3 4 6 8 |  8.0
Conjurations   | 1 4 6 |  6.0
Dodging        | 2 4 |  4.5
Short Blades   | 3 4 5 |  5.9
Air Magic      | 1 4 |  4.0
Armour         | 6 7 |  7.0
Shields        | 4 |  4.0
Stealth        | 5 |  5.0
Staves         | 6 |  6.0

Action                   |  1- 3 |  4- 6 |  7- 9 | 10-12 || total
-------------------------+-------+-------+-------+-------++-------
Melee: Unarmed           |    23 |       |       |       ||    23
       Dagger            |    34 |       |   234 |   120 ||   388
       Flail             |       |    54 |    14 |       ||    68
       Quarterstaff      |       |       |       |    90 ||    90
Throw: Javelin           |     5 |     9 |     5 |     1 ||    20
 Cast: Freeze            |    12 |     2 |       |       ||    14
       Frozen Ramparts   |     1 |    21 |    43 |    52 ||   117
       Ozocubu's Armour  |       |     1 |     1 |    12 ||    14
       Hailstorm         |       |     3 |    19 |     5 ||    27
       Foxfire           |       |       |    14 |     5 ||    19
       Shock             |       |       |    48 |    74 ||   122
       Mephitic Cloud    |       |       |     7 |    22 ||    29
       Airstrike         |       |       |       |     5 ||     5
       Lightning Bolt    |       |       |       |     6 ||     6
  Use: Potion            |       |     2 |     2 |     3 ||     7
       Scroll            |       |     1 |     1 |     2 ||     4
 Stab: Sleeping          |     4 |     3 |     2 |     5 ||    14
       Confused          |       |       |     3 |     8 ||    11
       Distracted        |       |       |       |     1 ||     1
Armor: Robe              |    13 |    16 |    10 |       ||    39
       Ring mail         |       |       |    35 |    19 ||    54
       Leather armour    |       |       |       |    63 ||    63
Dodge: Dodged            |    41 |    44 |   102 |   128 ||   315
Block: Buckler           |       |       |       |     6 ||     6
